TOP OF THE 1ST |
---|
Nashua Redlegs batting - Pitching for Athens Assassins : RHP Corey Brown | Pitching: RHP Corey Brown | | Batting: RHB António López | 0-0: Foul Ball, location: 2F 0-1: Called Strike 0-2: Ball 1-2: Ball 2-2: Ground out 5-3 (Groundball, 5D) | Batting: RHB Currito Campos | 0-0: Ball 1-0: SOLO HOME RUN (Flyball, 7LD), Distance : 352 ft | Batting: LHB Bob Campbell | 0-0: Ball 1-0: Called Strike 1-1: Swinging Strike 1-2: Ball 2-2: Fly out, F7 (Flyball, 78S) | Batting: RHB Manuel Pérez | 0-0: Foul Ball, location: 2F 0-1: SINGLE (Line Drive, 7LS) | Batting: RHB Eleuterio Supardo | 0-0: Fielders Choice at 2nd, 5-4 (Groundball, 5) | Top of the 1st over - 1 run, 2 hits, 0 errors, 1 left on base; Nashua 1 - Athens 0 | BOTTOM OF THE 1ST |
---|
Athens Assassins batting - Pitching for Nashua Redlegs : RHP Raúl Vallejo | Pitching: RHP Raúl Vallejo | | Batting: RHB Júlio Castillo | 0-0: Called Strike 0-1: Ball 1-1: Ball 2-1: Called Strike 2-2: Foul Ball, location: 2F 2-2: Strikes out swinging | Batting: RHB Millard Long | 0-0: Ball 1-0: Called Strike 1-1: Ball 2-1: Ball 3-1: Base on Balls | Batting: RHB John Jones | 0-0: Ball 1-0: Ball 2-0: Ball 3-0: Foul Ball, location: 2F 3-1: Base on Balls Millard Long to second | Batting: RHB Foster Hapgood | 0-0: Ball 1-0: Called Strike 1-1: Ball 2-1: Ball 3-1: Base on Balls Millard Long to third John Jones to second | Batting: LHB Roy Woods | 0-0: Foul Ball, location: 2F 0-1: Foul Ball, location: 2F 0-2: Foul Ball, location: 2F 0-2: Ball 1-2: Strikes out swinging | Batting: RHB Maximino Abbado | 0-0: Ball Balk! Millard Long scores John Jones to third Foster Hapgood to second 1-0: Called Strike 1-1: Ball 2-1: Ball 3-1: Called Strike 3-2: Foul Ball, location: 2F 3-2: Fly out, F8 (Flyball, 78D) | Bottom of the 1st over - 1 run, 0 hits, 0 errors, 2 left on base; Nashua 1 - Athens 1 | TOP OF THE 2ND |
---|
Nashua Redlegs batting - Pitching for Athens Assassins : RHP Corey Brown | Batting: RHB Gerald Miller | 0-0: Called Strike 0-1: Ball 1-1: Hit by Pitch | Batting: RHB Katsuhito Ohayashi | 0-0: Foul Ball, location: 2F 0-1: Swinging Strike 0-2: Foul Ball, location: 2F 0-2: Ball 1-2: Ball 2-2: Foul Ball, location: 2F 2-2: Strikes out looking | Batting: RHB Ian Howard | 0-0: Ball 1-0: Ball 2-0: Ball 3-0: Called Strike 3-1: Base on Balls Gerald Miller to second | Batting: RHB Jorge Valenzuela | 0-0: Ball 1-0: Foul Ball, location: 2F 1-1: Swinging Strike 1-2: Strikes out swinging | Batting: RHB António López | 0-0: Ball 1-0: Ball 2-0: Called Strike 2-1: Ball 3-1: Called Strike 3-2: Base on Balls Gerald Miller to third Ian Howard to second | Batting: RHB Currito Campos | 0-0: Ball 1-0: Fielders Choice at 2nd, 5-4 (Groundball, 56) | Top of the 2nd over - 0 runs, 0 hits, 0 errors, 3 left on base; Nashua 1 - Athens 1 | BOTTOM OF THE 2ND |
---|
Athens Assassins batting - Pitching for Nashua Redlegs : RHP Raúl Vallejo | Batting: RHB Randall Walker | 0-0: Ball 1-0: Called Strike 1-1: Called Strike 1-2: Ball 2-2: Foul Ball, location: 2F 2-2: Ball 3-2: Base on Balls | Batting: RHB Don Martin | 0-0: Ball 1-0: Foul Ball, location: 2F 1-1: Ball 2-1: Ball 3-1: Fly out, F8 (Flyball, 8LM) | Batting: RHB Alfonso Flores | 0-0: Ball 1-0: Grounds into double play, 4-6-3 (Groundball, 4) | Bottom of the 2nd over - 0 runs, 0 hits, 0 errors, 0 left on base; Nashua 1 - Athens 1 | TOP OF THE 3RD |
---|
Nashua Redlegs batting - Pitching for Athens Assassins : RHP Corey Brown | Batting: LHB Bob Campbell | 0-0: Ball 1-0: Ball 2-0: Called Strike 2-1: DOUBLE (Line Drive, 78D) | Batting: RHB Manuel Pérez | 0-0: Ball 1-0: Ball 2-0: Foul Ball, location: 2F 2-1: Ball 3-1: Base on Balls | Batting: RHB Eleuterio Supardo | 0-0: Foul Ball, location: 2F 0-1: Fly out, F9 (Flyball, 9) | Batting: RHB Gerald Miller | 0-0: Ball 1-0: Called Strike 1-1: Ball 2-1: Fly out, F3 (Popup, 3) | Batting: RHB Katsuhito Ohayashi | 0-0: Hit by Pitch Bob Campbell to third Manuel Pérez to second | Batting: RHB Ian Howard | 0-0: Ball 1-0: Ball 2-0: Ball 3-0: Base on Balls Bob Campbell scores Manuel Pérez to third Katsuhito Ohayashi to second | Batting: RHB Jorge Valenzuela | 0-0: Called Strike 0-1: Swinging Strike 0-2: Foul Ball, location: 2F 0-2: Foul Ball, location: 2F 0-2: Ball 1-2: Strikes out swinging | Top of the 3rd over - 1 run, 1 hit, 0 errors, 3 left on base; Nashua 2 - Athens 1 | BOTTOM OF THE 3RD |
---|
Athens Assassins batting - Pitching for Nashua Redlegs : RHP Raúl Vallejo | Batting: RHB Júlio Castillo | 0-0: Foul Ball, location: 2F 0-1: Ball 1-1: Foul Ball, location: 2F 1-2: Foul Ball, location: 2F 1-2: Ball 2-2: Strikes out swinging | Batting: RHB Millard Long | 0-0: Called Strike 0-1: Ball 1-1: Foul Ball, location: 2F 1-2: Ball 2-2: Ground out 6-3 (Groundball, 6) | Batting: RHB John Jones | 0-0: Called Strike 0-1: Fly out, F9 (Flyball, 9D) | Bottom of the 3rd over - 0 runs, 0 hits, 0 errors, 0 left on base; Nashua 2 - Athens 1 | TOP OF THE 4TH |
---|
Nashua Redlegs batting - Pitching for Athens Assassins : RHP Corey Brown | Batting: RHB António López | 0-0: Called Strike 0-1: Ball 1-1: Called Strike 1-2: Foul Ball, location: 2F 1-2: Strikes out swinging | Batting: RHB Currito Campos | 0-0: Ground out 2-3 (Groundball, 15S) | Batting: LHB Bob Campbell | 0-0: Ball 1-0: Ball 2-0: Ball 3-0: Base on Balls | Batting: RHB Manuel Pérez | 0-0: Ball 1-0: Fly out, F7 (Flyball, 7S) | Top of the 4th over - 0 runs, 0 hits, 0 errors, 1 left on base; Nashua 2 - Athens 1 | BOTTOM OF THE 4TH |
---|
Athens Assassins batting - Pitching for Nashua Redlegs : RHP Raúl Vallejo | Batting: RHB Foster Hapgood | 0-0: Ball 1-0: Foul Ball, location: 2F 1-1: Called Strike 1-2: Strikes out swinging | Batting: LHB Roy Woods | 0-0: Ball 1-0: Swinging Strike 1-1: Ball 2-1: Ball 3-1: Foul Ball, location: 2F 3-2: Strikes out swinging | Batting: RHB Maximino Abbado | 0-0: Ball 1-0: Ball 2-0: Called Strike 2-1: Ball 3-1: SINGLE (Flyball, 89S) | Batting: RHB Randall Walker | 0-0: SINGLE (Groundball, 56D) Maximino Abbado to second | Batting: RHB Don Martin | 0-0: Called Strike 0-1: Ball 1-1: Called Strike 1-2: Ball 2-2: Ball 3-2: Base on Balls Maximino Abbado to third Randall Walker to second | Batting: RHB Alfonso Flores | 0-0: Foul Ball, location: 2F 0-1: Ball 1-1: Foul Ball, location: 2F 1-2: Ground out 4-3 (Groundball, 4) | Bottom of the 4th over - 0 runs, 2 hits, 0 errors, 3 left on base; Nashua 2 - Athens 1 | TOP OF THE 5TH |
---|
Nashua Redlegs batting - Pitching for Athens Assassins : RHP Corey Brown | Batting: RHB Eleuterio Supardo | 0-0: Swinging Strike 0-1: Ground out 4-3 (Groundball, 4) | Batting: RHB Gerald Miller | 0-0: Ball 1-0: Swinging Strike 1-1: Ball 2-1: Swinging Strike 2-2: SINGLE (Groundball, 6MD) | Pitching: RHP Pablo García | | Batting: RHB Katsuhito Ohayashi | 0-0: Ball 1-0: Ball 2-0: Called Strike 2-1: Swinging Strike 2-2: Strikes out swinging | Batting: RHB Ian Howard | 0-0: Called Strike 0-1: Swinging Strike 0-2: Ball 1-2: Strikes out swinging | Top of the 5th over - 0 runs, 1 hit, 0 errors, 1 left on base; Nashua 2 - Athens 1 | BOTTOM OF THE 5TH |
---|
Athens Assassins batting - Pitching for Nashua Redlegs : RHP Raúl Vallejo | Batting: RHB Júlio Castillo | 0-0: Ball 1-0: Called Strike 1-1: Foul Ball, location: 2F 1-2: Ball 2-2: Foul Ball, location: 2F 2-2: Ball 3-2: Foul Ball, location: 2F 3-2: Foul Ball, location: 2F 3-2: Base on Balls | Batting: RHB Millard Long | 0-0: Ball 1-0: Foul Ball, location: 2F 1-1: Ball 2-1: Swinging Strike 2-2: Fly out, F9 (Flyball, 9LS) | Batting: RHB John Jones | 0-0: Fly out, F5 (Line Drive, 56) | Batting: RHB Foster Hapgood | 0-0: Ball Wild Pitch! Júlio Castillo to second 1-0: Foul Ball, location: 2F 1-1: Called Strike 1-2: Ball 2-2: Ball 3-2: Base on Balls | Batting: LHB Roy Woods | 0-0: Foul Ball, location: 2F 0-1: Swinging Strike 0-2: Foul Ball, location: 2F 0-2: Ball 1-2: Strikes out swinging | Bottom of the 5th over - 0 runs, 0 hits, 0 errors, 2 left on base; Nashua 2 - Athens 1 | TOP OF THE 6TH |
---|
Nashua Redlegs batting - Pitching for Athens Assassins : RHP Pablo García | Batting: RHB Jorge Valenzuela | 0-0: Ball 1-0: Swinging Strike 1-1: Ball 2-1: Called Strike 2-2: Foul Ball, location: 2F 2-2: Strikes out swinging | Batting: RHB António López | 0-0: Ball 1-0: Ball 2-0: Ball 3-0: Called Strike 3-1: Foul Ball, location: 2F 3-2: Foul Ball, location: 2F 3-2: Ground out 6-3 (Groundball, 6) | Batting: RHB Currito Campos | 0-0: Ball 1-0: Ground out 6-3 (Groundball, 6S) | Top of the 6th over - 0 runs, 0 hits, 0 errors, 0 left on base; Nashua 2 - Athens 1 | BOTTOM OF THE 6TH |
---|
Athens Assassins batting - Pitching for Nashua Redlegs : RHP Raúl Vallejo | Pitching: RHP Cristo Balderas | | Batting: RHB Maximino Abbado | 0-0: Ball 1-0: Ball 2-0: Called Strike 2-1: Ball 3-1: Base on Balls | Batting: RHB Randall Walker | 0-0: Fielders Choice at 2nd, 5-4 (Groundball, 56) | Batting: RHB Don Martin | 0-0: Ball 1-0: Called Strike Randall Walker steals 2nd base 1-1: Foul Ball, location: 2F 1-2: Strikes out swinging | Batting: RHB Alfonso Flores | 0-0: Ball 1-0: Foul Ball, location: 2F 1-1: Foul Ball, location: 2F 1-2: Strikes out swinging | Bottom of the 6th over - 0 runs, 0 hits, 0 errors, 1 left on base; Nashua 2 - Athens 1 | TOP OF THE 7TH |
---|
Nashua Redlegs batting - Pitching for Athens Assassins : RHP Pablo García | Batting: LHB Bob Campbell | 0-0: Ball 1-0: Ball 2-0: Ball 3-0: Called Strike 3-1: SINGLE (Groundball, 56D) | Pinch Hitting: LHB Alonso Carbajal | 0-0: Called Strike 0-1: Foul Ball, location: 2F 0-2: Foul Ball, location: 2F 0-2: Foul Ball, location: 2F 0-2: DOUBLE (Line Drive, 78D) Bob Campbell to third Runner from 3rd tries for Home, throw and OUT! | Batting: RHB Eleuterio Supardo | 0-0: Intentional Walk | Pinch Hitting: LHB Robby Lawson | 0-0: Called Strike 0-1: Swinging Strike 0-2: 3-RUN HOME RUN (Flyball, 7LD), Distance : 370 ft | Pitching: RHP James Mantle | | Batting: RHB Katsuhito Ohayashi | 0-0: Ball 1-0: Ball 2-0: Swinging Strike 2-1: Ball 3-1: Foul Ball, location: 2F 3-2: Strikes out swinging | Batting: RHB Ian Howard | 0-0: Ball 1-0: Called Strike 1-1: Ball 2-1: Foul Ball, location: 2F 2-2: Foul Ball, location: 2F 2-2: Strikes out swinging | Top of the 7th over - 3 runs, 3 hits, 0 errors, 0 left on base; Nashua 5 - Athens 1 | BOTTOM OF THE 7TH |
---|
Athens Assassins batting - Pitching for Nashua Redlegs : RHP Cristo Balderas | Now at 3B: José Vélez | | Now in RF: Kyle Mann | | Batting: RHB Júlio Castillo | 0-0: SINGLE (Groundball, 6MD) | Batting: RHB Millard Long | 0-0: Ball 1-0: Ball 2-0: Called Strike 2-1: Foul Ball, location: 2F 2-2: Strikes out swinging | Batting: RHB John Jones | 0-0: Called Strike Júlio Castillo is caught stealing 2nd base 0-1: SINGLE (Groundball, 56D) | Batting: RHB Foster Hapgood | 0-0: Ball 1-0: Called Strike 1-1: Swinging Strike 1-2: Strikes out looking | Bottom of the 7th over - 0 runs, 2 hits, 0 errors, 1 left on base; Nashua 5 - Athens 1 | TOP OF THE 8TH |
---|
Nashua Redlegs batting - Pitching for Athens Assassins : RHP James Mantle | Batting: RHB Jorge Valenzuela | 0-0: Foul Ball, location: 2F 0-1: Swinging Strike 0-2: Ground out 1-3 (Groundball, 15S) | Batting: RHB António López | 0-0: Ball 1-0: Foul Ball, location: 2F 1-1: Foul Ball, location: 2F 1-2: Foul Ball, location: 2F 1-2: Foul Ball, location: 2F 1-2: Foul Ball, location: 2F 1-2: Strikes out swinging | Batting: RHB Currito Campos | 0-0: Fly out, F8 (Flyball, 8RM) | Top of the 8th over - 0 runs, 0 hits, 0 errors, 0 left on base; Nashua 5 - Athens 1 | BOTTOM OF THE 8TH |
---|
Athens Assassins batting - Pitching for Nashua Redlegs : RHP Cristo Balderas | Batting: LHB Roy Woods | 0-0: Ball 1-0: Called Strike 1-1: Ball 2-1: Ball 3-1: Base on Balls | Batting: RHB Maximino Abbado | 0-0: Called Strike 0-1: Ball 1-1: Ball 2-1: Ball 3-1: Base on Balls Roy Woods to second | Batting: RHB Randall Walker | 0-0: Ball 1-0: Ball Wild Pitch! Roy Woods to third Maximino Abbado to second 2-0: Called Strike 2-1: Fly out, F4 (Popup, 13) | Batting: RHB Don Martin | 0-0: Swinging Strike 0-1: Ball 1-1: Ball 2-1: Ground out 4-3 (Groundball, 34) Roy Woods scores Maximino Abbado to third | Batting: RHB Alfonso Flores | 0-0: Ball 1-0: Ball 2-0: Ground out 4-3 (Groundball, 4) | Bottom of the 8th over - 1 run, 0 hits, 0 errors, 1 left on base; Nashua 5 - Athens 2 | TOP OF THE 9TH |
---|
Nashua Redlegs batting - Pitching for Athens Assassins : RHP James Mantle | Batting: LHB Bob Campbell | 0-0: Ball 1-0: Ball 2-0: Hit by Pitch | Batting: SHB José Vélez | 0-0: Called Strike 0-1: Ball 1-1: Ball 2-1: Swinging Strike 2-2: Strikes out looking | Batting: RHB Eleuterio Supardo | 0-0: Ball 1-0: Ball 2-0: Foul Ball, location: 2F 2-1: Ball 3-1: Foul Ball, location: 2F 3-2: Fly out, F8 (Flyball, 8LD) | Batting: RHB Kyle Mann | 0-0: Foul Ball, location: 2F 0-1: Ball 1-1: Swinging Strike 1-2: Foul Ball, location: 2F 1-2: Strikes out swinging | Top of the 9th over - 0 runs, 0 hits, 0 errors, 1 left on base; Nashua 5 - Athens 2 | BOTTOM OF THE 9TH |
---|
Athens Assassins batting - Pitching for Nashua Redlegs : RHP Cristo Balderas | Pitching: RHP Samuel Farrell | | Now at SS: William Rogers | | Now in LF: Dave Warren | | Batting: RHB Júlio Castillo | 0-0: Foul Ball, location: 2F 0-1: Ball 1-1: SINGLE (Flyball, 78S) | Batting: RHB Millard Long | 0-0: Foul Ball, location: 2F 0-1: Called Strike 0-2: Foul Ball, location: 2F 0-2: Ball 1-2: Ball 2-2: Ball 3-2: Fly out, F7 (Flyball, 78S) | Batting: RHB John Jones | 0-0: Ball 1-0: Ball 2-0: Called Strike 2-1: Ball 3-1: Grounds into double play, 6-4-3 (Groundball, 6) | Bottom of the 9th over - 0 runs, 1 hit, 0 errors, 0 left on base; Nashua 5 - Athens 2 | |